 Dungeon Crawl Stone Soup version 0.31.0-32-g396128a36d (webtiles) character file.

Game seed: 8638948770051825502

6210 safid the Grappler (level 10, -3/72 HPs)
             Began as a Pale Draconian Shapeshifter on Mar 15, 2024.
             Was a Believer of Hepliaklqana.
             Succumbed to an orc warrior's poison
             ... on level 9 of the Dungeon.
             The game lasted 00:13:25 (6408 turns).

safid the Grappler (Pale Draconian Shapeshifter)    Turns: 6408, Time: 00:13:26

Health: -3/72      AC:  7    Str: 21    XL:     10   Next: 61%
Magic:  10/10      EV: 12    Int: 10    God:    Hepliaklqana [**....]
Gold:   163        SH:  0    Dex: 11    Spells: 9/9 levels left

rFire   . .          .
                       - Unarmed
rCold   . . .        (no shield)
rNeg    . . .        (body armour unavailable)
rPois   .            (helmet currently unavailable)
rElec   .            (cloak currently unavailable)
rCorr   +            (gloves currently unavailable)
SInv    .            (boots currently unavailable)
Will    .....        e - amulet of regeneration
Stlth   +            d - +4 ring of slaying
HPRegen 1.12/turn    g - ring of resist corrosion
MPRegen 0.12/turn

%: no passive effects
@: mighty, lethally poisoned (-3 -> -50), beast-form
A: beast (slay +4), reduced essence, breathe steam, AC +7, unfitting armour,
cold-blooded, steam resistance
a: Breathe Steam, Begin Untransformation, Renounce Religion, Recall Ancestor,
Ancestor Identity


You were on level 9 of the Dungeon.
You worshipped Hepliaklqana.
Hepliaklqana was pleased with you.
You were a hulking beast.
You visited 2 branches of the dungeon, and saw 10 of its levels.

You collected 377 gold pieces.
You spent 214 gold pieces at shops.

Inventory:

Missiles
 l - 13 curare-tipped darts (quivered)
Jewellery
 d - a +4 ring of slaying (left hand)
 e - an amulet of regeneration (around neck)
 g - a ring of resist corrosion (right hand)
 r - a ring of ice
Talismans
 b - a beast talisman
 c - a flux talisman
Wands
 m - a wand of polymorph (7)
 A - a wand of mindburst (16)
 C - a wand of flame (26)
Scrolls
 f - 2 scrolls of brand weapon
 h - 2 scrolls of revelation
 i - a scroll of immolation
 j - a scroll of poison
 n - 6 scrolls of teleportation
 p - a scroll of silence {unknown}
 t - a scroll of fear
 v - a scroll of acquirement {unknown}
 w - a scroll of enchant weapon {unknown}
 y - a scroll of fog {unknown}
 B - a scroll of identify
Potions
 a - 2 potions of lignification
 k - a potion of magic
 o - a potion of mutation
 s - a potion of invisibility
 u - a potion of might
 x - 2 potions of curing {unknown}
 z - a potion of haste {unknown}


   Skills:
 + Level 5.3 Fighting
 - Level 2.0 Dodging
 + Level 12.9 Unarmed Combat
 * Level 8.6 Shapeshifting


You had 9 spell levels left.
You didn't know any spells.
Your spell library contained the following spells:

 Spells                   Type           Power      Damage    Failure   Level
 Hailstorm                Conj/Ice       0%         3d5       75%         3
 Summon Ice Beast         Ice/Summ       0%         N/A       75%         3
 Tukima's Dance           Hex            0%         N/A       75%         3
 Dimensional Bullseye     Hex/Tloc       0%         N/A       98%         4
 Iskenderun's Mystic Bla  Conj/Tloc      0%         2d3       98%         4
 Sculpt Simulacrum        Ice/Alch       0%         N/A       100%        6


Dungeon Overview and Level Annotations

Branches:
Dungeon (9/15)             Temple (1/1) D:4            Lair (0/5) D:8
    Orc: D:9-12

Altars:
Ashenzari
Cheibriados
Dithmenos
Elyvilon
Fedhas
Gozag
Hepliaklqana
Kikubaaqudgha
Makhleb
Nemelex Xobeh
Okawaru
Qazlal
Ru
Sif Muna
Uskayaw
Vehumet
Wu Jian
Xom
Yredelemnul
Zin
The Shining One

Shops:
D:2 ?

Annotations:
D:4 Edmund
D:6 1 transporter


Innate Abilities, Weirdness & Mutations

You are a hulking beast.
Your limbs bulge with bestial killing power. (Slay +4)
Your life essence is reduced to manifest your ancestor. (-10% HP)
You can breathe blasts of scalding, opaque steam.
Your pale cyan-grey scales are hard. (AC +7)
You cannot fit into any form of body armour.
You are cold-blooded and may be slowed by cold attacks.
You are immune to the effects of steam.


Message History

You feel very sick. The orc warrior barely misses you.
Things that are here:
a killer bee corpse; a killer bee corpse You barely miss the orc warrior.
Your punch misses the orc warrior.
You feel sick. Something hits you but does no damage.
The orc wizard closely misses you.
The orc warrior hits you with a +0 glaive of venom!
You are lethally poisoned!
Unknown command.
You hit the orc warrior.
The orc warrior is lightly wounded.
* * * LOW HITPOINT WARNING * * *
You feel extremely sick.
You hear some strange, mumbled words.
A puff of flame appears from out of thin air!
The puff of flame hits you.
* * * LOW HITPOINT WARNING * * *
The orc warrior hits you with a +0 glaive of venom!
* * * LOW HITPOINT WARNING * * *
Unknown command.
You feel much better.
You feel extremely sick. Something hits you.
The orc wizard hits you but does no damage.
The orc warrior hits you with a +0 glaive of venom!
* * * LOW HITPOINT WARNING * * *
You are lethally poisoned!
You feel much better.
You feel extremely sick.
You hear some strange, mumbled words.
A magic dart appears from out of thin air!
The magic dart hits you.
The orc wizard hits you but does no damage.
The orc warrior hits you with a +0 glaive of venom!
* * * LOW HITPOINT WARNING * * *
You are more poisoned.
It was a potion of might.
You feel very mighty all of a sudden.
You die...

#..#..##....##
##..#.........#
..............
#...........#
#...........
...#.........
..........# ...#
#{oo# ....###h##
......)R####
....#.....$#
#.####...#..#
#.......##....#
.......<.# ....#
...............#
.......#...#####
...#..# ...#


You could see the friendly Niamh the hexer, an orc warrior and an orc wizard
(confused, ally target).

Vanquished Creatures
  A two-headed ogre (D:6)
  2 death yaks (D:8)
  An unseen horror (D:6)
  Sigmund (D:4)
  A wyvern (D:7)
  A steam dragon (D:9)
  3 water moccasins
  An orc warrior (D:6)
  3 ice beasts
  2 sky beasts (D:7)
  A black bear (D:6)
  2 ogres
  2 centaurs
  A kobold brigand (D:8)
  3 bullfrogs
  A gnoll sergeant (D:6)
  2 scorpions
  3 wights (D:5)
  8 killer bees
  An electric eel (D:6)
  4 bombardier beetles
  2 gnoll boudas
  A jelly (D:6)
  2 orc priests
  A sleepcap (D:6)
  3 iguanas
  Natasha (D:2)
  2 orc wizards
  Robin (D:2)
  9 adders
  5 gnolls
  A shadow imp (D:6)
  3 white imps
  3 dart slugs
  A ribbon worm (D:3)
  13 orcs
  8 ball pythons
  2 bats
  5 endoplasms
  3 giant cockroaches
  15 goblins
  9 hobgoblins
  11 jackals
  2 quokkas (D:3)
  3 frilled lizards
  5 kobolds
  4 rats
159 creatures vanquished.

Vanquished Creatures (collateral kills)
  A death yak (D:8)
  An orc warrior (D:8)
  A scorpion (D:6)
  2 killer bees (D:9)
  An iguana (D:5)
  2 gnolls (D:5)
  A river rat (D:8)
  2 kobolds (D:8)
  A goblin (D:4)
12 creatures vanquished.

Vanquished Creatures (others)
  2 ancestors (D:6)
2 creatures vanquished.

Grand Total: 173 creatures vanquished

Notes
Turn   | Place    | Note
-------+----------+-------------------------------------------
     0 | D:1      | safid the Draconian Shapeshifter began the quest for the
                  | Orb.
     0 | D:1      | Reached XP level 1. HP: 16/16 MP: 1/1
   211 | D:1      | Reached XP level 2. HP: 23/23 MP: 2/2
   850 | D:2      | Reached XP level 3. HP: 28/28 MP: 3/3
   968 | D:2      | Reached XP level 4. HP: 36/36 MP: 4/4
  1256 | D:2      | Found Setzem's Magic Scroll Boutique.
  1256 | D:2      | Noticed Natasha
  1261 | D:2      | Killed Natasha
  1267 | D:2      | Bought a scroll of identify for 26 gold pieces
  1276 | D:2      | Noticed Robin
  1290 | D:2      | Killed Robin
  1292 | D:2      | Reached skill level 4 in Unarmed Combat
  1659 | D:3      | Reached XP level 5. HP: 41/41 MP: 5/5
  2248 | D:4      | Noticed Sigmund
  2320 | D:4      | Found a staircase to the Ecumenical Temple.
  2328 | Temple   | Entered the Ecumenical Temple
  2341 | Temple   | Became a worshipper of Hepliaklqana the Forgotten
  2367 | D:4      | Noticed Edmund
  2679 | D:4      | Killed Sigmund
  2680 | D:4      | Reached skill level 5 in Unarmed Combat
  2680 | D:4      | Reached XP level 6. HP: 28/48 MP: 6/6
  2702 | D:4      | Found a blossoming altar of Fedhas.
  2808 | D:4      | Reached skill level 5 in Shapeshifting
  2885 | D:4      | Reached * piety under Hepliaklqana
  3014 | D:5      | Entered Level 5 of the Dungeon
  3077 | D:5      | Reached skill level 6 in Unarmed Combat
  3086 | D:5      | Noticed an ice beast
  3093 | D:5      | Killed an ice beast
  3094 | D:5      | Your scales start taking on a pale cyan-grey colour.
  3094 | D:5      | Reached XP level 7. HP: 23/50 MP: 7/7
  3094 | D:5      | Gained mutation: You are immune to the effects of steam.
                  | [Pale Draconian growth]
  3240 | D:5      | Reached skill level 7 in Unarmed Combat
  3509 | D:2      | Bought a scroll of revelation for 97 gold pieces
  3509 | D:2      | Bought a scroll of teleportation for 39 gold pieces
  3509 | D:2      | Bought a scroll of fear for 52 gold pieces
  3865 | D:6      | Reached XP level 8. HP: 55/55 MP: 8/8
  4031 | D:6      | Reached skill level 8 in Unarmed Combat
  4120 | D:6      | Found a sparkling altar of Nemelex Xobeh.
  4120 | D:6      | Found a transporter.
  4121 | D:6      | Noticed a deep elf pyromancer
  4324 | D:6      | Killed an unseen horror
  4325 | D:6      | Reached skill level 9 in Unarmed Combat
  4504 | D:5      | Reached XP level 9. HP: 47/60 MP: 9/9
  4551 | D:6      | Noticed a two-headed ogre
  4558 | D:6      | Killed a two-headed ogre
  4559 | D:6      | Reached skill level 10 in Unarmed Combat
  5114 | D:7      | Reached ** piety under Hepliaklqana
  5115 | D:7      | Remembered your ancestor Niamh as a hexer
  5169 | D:7      | Reached skill level 11 in Unarmed Combat
  5573 | D:8      | Noticed a death yak
  5573 | D:8      | Noticed a death yak
  5581 | D:8      | Noticed a death yak
  5582 | D:8      | Killed a death yak
  5583 | D:8      | Reached XP level 10. HP: 35/72 MP: 10/10
  5871 | D:8      | Killed a death yak
  5872 | D:8      | Reached skill level 5 in Fighting
  5872 | D:8      | Reached skill level 12 in Unarmed Combat
  5876 | D:8      | Killed a death yak
  5942 | D:8      | Found a staircase to the Lair.
  6405 | D:9      | HP: 3/72 [orc warrior/+0 glaive of venom (10)]
  6408 | D:9      | Succumbed to an orc warrior's poison

Illustrated notes

Levels and vault maps discovered:
D:1:      amcnicky_arrival_feature_with_door, layout_loops_ring
D:2:      layout_loops_ring, serial_shops, shop, serial_aquarium,
          aquarium_bridge_long_separate [aquarium_subvault_bridge,
          aquarium_subvault_wall, aquarium_subvault_bridge,
          aquarium_subvault_bridge, aquarium_subvault_wall,
          aquarium_subvault_balcony], aquarium_window_fake,
          aquarium_window_corridor_3, aquarium_window_corner, aquarium_view_2d,
          aquarium_view_2a, uniq_robin, uniq_natasha
D:3:      layout_basic, chequers_big_river, minmay_misc_feat_nine_boxes,
          columned_hall_lemuel
D:4:      kennysheep_the_goblin_king, layout_basic, fedhas_ov_isle_minmay,
          minmay_temple_entry_wispy, uniq_edmund, uniq_sigmund
D:5:      layout_gridville
D:6:      cheibrodos_barr_body, layout_loops_ring, grunt_nemelex_the_gamble,
          serial_co_window_serial, co_window_paths_a,
          co_window_of_opportunity_a, co_window_corner_a, co_window_paths_a,
          co_window_paths_b, co_window_cross_4, co_window_unsneaky_path_b,
          co_window_corner_b, glass_columns_a, glass_columns_b, glass_columns_c,
          glass_columns_b, glass_columns_a, amcnicky_mini_pool_medium
D:7:      layout_loops_cross
D:8:      layout_rooms, dpeg_lair_monsters
D:9:      layout_cave_pools, old_standard_altar
Temple:   hellmonk_temple_of_storms

Skill      XL: |  1  2  3  4  5  6  7  8  9 10 |
---------------+-------------------------------+-----
Dodging        | 2 |  2.0
Shapeshifting  | 4 5 7 8 |  8.6
Unarmed Combat | 4 5 6 7 9 11 12 | 12.9
Fighting       | 2 3 4 5 |  5.3

Action                     |  1- 3 |  4- 6 |  7- 9 | 10-12 || total
---------------------------+-------+-------+-------+-------++-------
  Melee: Unarmed           |    79 |   112 |   145 |    68 ||   404
         Tailslap          |     5 |    12 |    21 |     7 ||    45
         Punch             |     1 |     2 |    10 |     4 ||    17
 Invoke: Ancestor Identity |       |       |     1 |       ||     1
         Ancestor Life: He |       |       |     1 |       ||     1
         Recall Ancestor   |       |       |       |     1 ||     1
    Use: Scroll            |       |     1 |     8 |       ||     9
         Potion            |       |       |     1 |     5 ||     6
   Stab: Sleeping          |     1 |       |       |       ||     1
         Confused          |       |       |     1 |     1 ||     2
         Distracted        |       |       |       |     2 ||     2
 Armour: Skin              |    37 |    60 |   101 |    49 ||   247
  Dodge: Dodged            |    41 |    71 |    81 |    27 ||   220
